 Dungeon Crawl Stone Soup version 0.20-a0-1121-gbb42413 (webtiles) character file.

12899 Penishole the Archer (level 11, -1/100 (101) HPs)
             Began as a Centaur Hunter on May 10, 2017.
             Was a Priest of Okawaru.
             Slain by a porcupine (6 damage)
             ... on level 2 of the Lair of Beasts.
             The game lasted 01:16:59 (17604 turns).

Penishole the Archer (Centaur Hunter)              Turns: 17604, Time: 01:17:00

HP:   -1/100 (101)  AC: 18    Str: 15    XL:     11   Next: 68%
MP:   11/11         EV:  5    Int: 10    God:    Okawaru [***...]
Gold: 418           SH:  3    Dex: 13    Spells: 10/10 levels left

rFire    . . .     SeeInvis .   b - +0 long sword (slice)
rCold    . . .     Gourm    .   (no shield)
rNeg     . . .     Faith    .   s - +0 chain mail
rPois    +         Spirit   .   O - +0 helmet
rElec    .         Reflect  +   I - +0 cloak (curse)
rCorr    .         Harm     .   B - +0 pair of gloves
MR       .....                  z - +0 centaur barding
Stlth    ..........             c - +3 amulet of reflection
Regen    0.3/turn               A - +2 ring of slaying
MPRegen  0.2/turn               Q - ring of poison resistance

@: very quick
A: hooves 3, deformed body, speed 2, tough skin 3
a: Heroism, Renounce Religion


You were on level 2 of the Lair of Beasts.
You worshipped Okawaru.
Okawaru was most pleased with you.
You were not hungry.

You visited 3 branches of the dungeon, and saw 13 of its levels.
You also visited: Sewer and Ossuary.

You collected 440 gold pieces.
You spent 22 gold pieces at shops.

Inventory:

Hand Weapons
 a - a +1 shortbow
 b - a +0 long sword of slicing (weapon)
Missiles
 d - 7 arrows
 g - 81 bolts
Armour
 s - a +0 chain mail (worn)
 z - a +0 centaur barding (worn)
 B - a +0 pair of gloves (worn)
 I - a cursed +0 cloak (worn)
 O - a +0 helmet (worn)
Jewellery
 c - a +3 amulet of reflection (around neck)
 A - a +2 ring of slaying (left hand)
 Q - a ring of poison resistance (right hand)
 R - the ring of the Mage {Wiz MR++ Int+3}
   (You found it on level 7 of the Dungeon)

   [ring of wizardry]

   It improves your spell success rate.
   It affects your intelligence (+3).
   It affects your resistance to hostile enchantments.
 T - an uncursed ring of magical power
Wands
 x - a wand of acid (6/15)
 P - a wand of polymorph (12/24)
 Z - a wand of confusion (31/48)
Scrolls
 h - a scroll of blinking {unknown}
 i - 5 scrolls of teleportation
 j - 7 scrolls of remove curse
 r - 5 scrolls of recharging {unknown}
 v - a scroll of magic mapping {unknown}
 y - 3 scrolls of enchant armour {unknown}
 C - 5 scrolls of immolation {unknown}
 F - 6 scrolls of random uselessness {unknown}
 H - 4 scrolls of enchant weapon {unknown}
 K - a scroll of brand weapon {unknown}
 W - 3 scrolls of noise {unknown}
Potions
 e - 12 potions of degeneration
 l - 3 potions of agility
 n - 2 potions of resistance
 o - 3 potions of berserk rage
 p - 6 potions of curing
 t - 4 potions of flight
 u - a potion of haste {unknown}
 w - a potion of invisibility {unknown}
 D - a potion of lignification {unknown}
 J - a potion of heal wounds {unknown}
 L - 2 potions of brilliance
 U - 2 potions of ambrosia
 V - a potion of magic {unknown}
Books
 M - a book of Changes

   Spells                             Type                      Level
   a - Beastly Appendage              Transmutation                1
   b - Sticks to Snakes               Transmutation                2
   c - Spider Form                    Transmutation/Poison         3
   d - Ice Form                       Ice/Transmutation            4
   e - Blade Hands                    Transmutation                5
 N - a book of Debilitation

   Spells                             Type                      Level
   a - Corona                         Hexes                        1
   b - Slow                           Hexes                        2
   c - Inner Flame                    Hexes/Fire                   3
   d - Portal Projectile              Hexes/Translocation          3
   e - Cause Fear                     Hexes                        4
   f - Leda's Liquefaction            Hexes/Earth                  4
 S - a book of Frost

   Spells                             Type                      Level
   a - Freeze                         Ice                          1
   b - Throw Frost                    Conjuration/Ice              2
   c - Ozocubu's Armour               Charms/Ice                   3
   d - Throw Icicle                   Conjuration/Ice              4
   e - Summon Ice Beast               Ice/Summoning                4
 X - a book of Enchantments

   Spells                             Type                      Level
   a - Cause Fear                     Hexes                        4
   b - Yara's Violent Unravelling     Hexes/Transmutation          5
   c - Silence                        Hexes/Air                    5
   d - Deflect Missiles               Charms/Air                   6
   e - Discord                        Hexes                        8
Comestibles
 f - 5 bread rations
 k - 6 meat rations
 q - 10 royal jellies


   Skills:
 + Level 10.5 Fighting
 - Level 14.6 Bows
 + Level 6.5 Armour
 + Level 5.8 Dodging
 - Level 0.4 Stealth


You had 10 spell levels left.
You didn't know any spells.

Dungeon Overview and Level Annotations

Branches:
Dungeon (10/15)            Temple (1/1) D:5            Lair (2/6) D:8
  Swamp: Lair:2-4    Shoals: Lair:2-4     Snake: Lair:2-4    Spider: Lair:2-4
    Orc: D:9-12

Altars:
Ashenzari
Cheibriados
Dithmenos
Elyvilon
Fedhas
Gozag
Hepliaklqana
Kikubaaqudgha
Makhleb
Nemelex Xobeh
Okawaru
Qazlal
Ru
Sif Muna
Trog
Uskayaw
Vehumet
Wu Jian
Xom
Yredelemnul
Zin
The Shining One

Shops:
D:5 *   D:7 %


Innate Abilities, Weirdness & Mutations

You have hooves in place of feet.
Armour fits poorly on your strangely shaped body.
You cover ground very quickly.
You have extremely tough skin. (AC +3)


Message History

You kick the komodo dragon.
The komodo dragon is heavily wounded.
The komodo dragon bites you!!
* * * LOW HITPOINT WARNING * * *
You hit the komodo dragon but do no damage.
You kick the komodo dragon, but do no damage.
The komodo dragon is heavily wounded.
The komodo dragon bites you but does no damage.
A porcupine comes into view.
The komodo dragon hisses menacingly.
You hit the komodo dragon but do no damage.
You kick the komodo dragon, but do no damage.
The komodo dragon is heavily wounded.
You block the komodo dragon's attack.
You completely miss the komodo dragon. You kick the komodo dragon.
The komodo dragon is heavily wounded.
The komodo dragon bites you!
* * * LOW HITPOINT WARNING * * *
The komodo dragon barely misses you. The porcupine bites you.
You die...

...l....##
.###..##.#
#......## #.
#....##.P# ..
##.. #..# l##..
#.## ... #..#
.## .. #l##
....##. #.@#
...P...#####r##
........r.....#
..............#
..............#
.............##
.............#
.............##
.(............#


You could see a komodo dragon and a porcupine.

Vanquished Creatures
  A hydra (Lair:1)
  2 two-headed ogres
  2 spiny frogs
  3 komodo dragons
  A hornet (D:8)
  6 hippogriffs
  Sigmund (D:4)
  22 yaks
  A basilisk (Lair:1)
  Eustachio (D:5)
  A hungry ghost (D:7)
  Menkaure (D:4)
  2 soldier ants (D:8)
  2 water moccasins (Lair:1)
  2 ice beasts
  2 porcupines (Lair:2)
  4 orc warriors (D:8)
  2 sky beasts
  A necrophage (D:7)
  A phantom (D:8)
  5 ogres
  A centaur (D:5)
  2 big kobolds
  3 bullfrogs
  2 scorpions
  4 killer bees
  4 electric eels (D:7)
  A howler monkey (D:5)
  4 crimson imps
  2 centaur zombies (Ossuary)
  2 bullfrog skeletons
  A gnoll shaman (D:6)
  A hound (D:6)
  A jelly (D:7)
  6 orc priests
  Crazy Yiuf (D:4)
  4 iguanas
  8 orc wizards
  7 worker ants
  A hound zombie (D:8)
  5 mummies (Ossuary)
  10 gnolls
  2 howler monkey skeletons (D:9)
  3 river rats (Sewer)
  9 adders
  A shadow imp (D:5)
  2 adder skeletons
  3 worms
  13 dart slugs
  7 leopard geckos
  31 orcs
  2 ball pythons
  8 bats
  8 giant cockroaches
  3 gnoll zombies (Ossuary)
  12 goblins
  5 hobgoblins
  17 jackals
  15 kobolds
  2 quokkas
  2 frilled lizards
  A goblin zombie (Ossuary)
  A kobold zombie (Ossuary)
  An orc zombie (Ossuary)
  12 rats
  2 fungi (D:4)
295 creatures vanquished.

Vanquished Creatures (others)
  A centaur (D:5)
  3 fungi
  2 plants
6 creatures vanquished.

Grand Total: 301 creatures vanquished

Notes
Turn   | Place    | Note
-------+----------+-------------------------------------------
     0 | D:1      | Penishole the Centaur Hunter began the quest for the Orb.
     0 | D:1      | Reached XP level 1. HP: 17/17 MP: 1/1
   130 | D:1      | Reached XP level 2. HP: 9/24 MP: 2/2
   162 | D:1      | Reached skill level 6 in Bows
  1033 | D:1      | Reached XP level 3. HP: 29/29 MP: 3/3
  1213 | D:1      | Found a sparkling altar of Nemelex Xobeh.
  1783 | D:2      | Reached skill level 7 in Bows
  2212 | D:2      | Reached XP level 4. HP: 28/36 MP: 4/4
  2836 | D:3      | Reached skill level 8 in Bows
  3574 | D:3      | Reached XP level 5. HP: 41/41 MP: 5/5
  3914 | D:3      | Reached skill level 9 in Bows
  3947 | D:3      | Found a snail-covered altar of Cheibriados.
  4052 | D:4      | Noticed Menkaure
  4583 | D:4      | Killed Menkaure
  4583 | D:4      | Reached XP level 6. HP: 51/51 MP: 6/6
  4627 | D:4      | Found a glowing drain.
  4633 | Sewer    | Entered a sewer
  4774 | Sewer    | Found a white marble altar of Elyvilon.
  4957 | D:4      | Reached XP level 7. HP: 59/60 MP: 7/7
  4960 | D:4      | Reached skill level 5 in Fighting
  5423 | D:4      | Found a blossoming altar of Fedhas.
  5431 | D:4      | Noticed Sigmund
  5447 | D:4      | Killed Sigmund
  5447 | D:4      | Reached skill level 10 in Bows
  5596 | D:4      | Found a runed door.
  5601 | D:4      | Noticed Crazy Yiuf
  5607 | D:4      | Killed Crazy Yiuf
  5737 | D:5      | Entered Level 5 of the Dungeon
  5756 | D:5      | Reached XP level 8. HP: 59/70 MP: 8/8
  6025 | D:5      | Reached skill level 11 in Bows
  6047 | D:5      | Found a staircase to the Ecumenical Temple.
  6056 | Temple   | Entered the Ecumenical Temple
  6552 | D:5      | Found a stormy altar of Qazlal.
  6553 | D:5      | Noticed an air elemental
  6577 | D:5      | Found Rutesop's General Store.
  6586 | D:5      | Noticed Eustachio
  6606 | D:5      | Killed Eustachio
  6632 | D:5      | Bought a scroll of identify for 22 gold pieces
  6742 | D:5      | Reached skill level 12 in Bows
  7187 | D:6      | Found a glowing silver altar of Zin.
  7209 | D:6      | Found a shadowy altar of Dithmenos.
  7837 | D:7      | Reached skill level 13 in Bows
  7857 | D:7      | Noticed a hippogriff
  7883 | D:7      | Killed a hippogriff
  7883 | D:7      | Reached XP level 9. HP: 67/75 MP: 9/9
  8095 | D:7      | Reached skill level 14 in Bows
  8802 | D:7      | Found Josecozi's Food Shop.
  9045 | D:8      | Found a staircase to the Lair.
  9070 | D:8      | Reached skill level 1 in Armour
  9503 | D:8      | Found a sand-covered staircase.
  9525 | Ossuary  | Entered an ossuary
 10332 | D:8      | Reached XP level 10. HP: 75/88 MP: 10/10
 10480 | D:8      | Found a radiant altar of Vehumet.
 10480 | D:8      | Found a snail-covered altar of Cheibriados.
 10481 | D:8      | Found a shimmering altar of Xom.
 10481 | D:8      | Found a basalt altar of Yredelemnul.
 10805 | D:9      | Found a deep blue altar of Sif Muna.
 10883 | D:9      | Noticed a two-headed ogre
 10890 | D:9      | Killed a two-headed ogre
 11104 | D:9      | Found an iron altar of Okawaru.
 11118 | D:9      | Became a worshipper of Warmaster Okawaru
 11280 | D:9      | Found an iron altar of Okawaru.
 11605 | Lair:1   | Entered Level 1 of the Lair of Beasts
 11665 | D:8      | Found a deep blue altar of Sif Muna.
 11765 | D:8      | Noticed a two-headed ogre
 11775 | D:8      | Killed a two-headed ogre
 11775 | D:8      | Reached skill level 5 in Armour
 12988 | D:8      | Reached * piety under Okawaru
 13073 | D:8      | Reached XP level 11. HP: 82/96 MP: 11/11
 13903 | Lair:1   | Noticed a seven-headed hydra
 13928 | Lair:1   | Killed a seven-headed hydra
 13928 | Lair:1   | Reached ** piety under Okawaru
 14241 | Lair:1   | Reached skill level 5 in Dodging
 14472 | Lair:1   | Reached skill level 10 in Fighting
 15377 | D:10     | Entered Level 10 of the Dungeon
 17018 | Lair:1   | Reached *** piety under Okawaru
 17604 | Lair:2   | HP: 5/100 [komodo dragon (11)]
 17604 | Lair:2   | Slain by a porcupine

Vault maps used:
D:1:      dpeg_arrival_water_altar
D:3:      cheibriados_altar_1
D:4:      fedhas_altar_3, first_bread, gup_sewer_entry_bubbles,
          uniq_crazy_yiuf_cottage, uniq_menkaure, uniq_sigmund
D:5:      nicolae_qazlal_style_of_elements, temple_hall, serial_shops,
          nicolae_shop_crystal, uniq_eustachio
D:6:      zin_treasury, overflow_temple_1_default, serial_corexii_hall,
          corexii_hall_statues_i, corexii_hall_statues_i, minmay_misc_feat_tower
D:7:      kennysheep_slugbush, serial_shops, nicolae_shop_waterfront
D:8:      kennysheep_orc_sif_temple, grunt_temple_overflow_cloverleaf,
          lair_entry_dummy, lightli_ossuary_entry_decrepit_ruins,
          hangedman_pestilent_swarm, grunt_ministairs_1, columned_hall_lemuel
D:9:      nicolae_overflow_hidden_temple, lemuel_round_altar,
          kennysheep_okawaru_gauntlet
D:10:     lemuel_ogre_cave, serial_shops, nicolae_shop_stone, shop,
          shop_fountains, nicolae_shop_competitors_out_of_business,
          minmay_statue_crystal_thing, uniq_psyche
Temple:   minmay_temple_forest_path
Lair:1:   nicolae_quartered_pool_little
Lair:2:   elwin_shoals_entry_rocks, beast_lair_carwin_7
Sewer:    sewer_kobolds
Ossuary:  ossuary_crypta

Skill      XL: |  1  2  3  4  5  6  7  8  9 10 11 |
---------------+----------------------------------+-----
Bows           | 6 7 8 9 10 13 14 | 14.6
Fighting       | 3 4 6 7 9 10 | 10.5
Armour         | 3 5 6 |  6.5
Dodging        | 4 5 |  5.8
Stealth        | |  0.4

Action                   |  1- 3 |  4- 6 |  7- 9 | 10-12 || total
-------------------------+-------+-------+-------+-------++-------
Melee: Short sword       |   151 |   143 |    15 |    39 ||   348
       Kick              |    30 |    28 |     8 |    73 ||   139
       Shortbow          |       |       |     3 |     3 ||     6
       Long sword        |       |       |       |   161 ||   161
 Fire: Shortbow          |    20 |    95 |   516 |   386 ||  1017
Invok: Heroism           |       |       |       |     3 ||     3
  Use: Scroll            |       |     2 |     3 |     7 ||    12
  Eat: Chunk             |     3 |     6 |     9 |    11 ||    29
       Fruit             |       |     1 |     3 |    11 ||    15
       Royal jelly       |       |     1 |       |     4 ||     5
Armor: Leather armour    |    65 |     6 |       |       ||    71
       Chain mail        |       |   157 |    79 |   251 ||   487
Dodge: Dodged            |    76 |    48 |    21 |    72 ||   217
Block: Other             |       |    15 |    14 |    50 ||    79
       Reflection        |       |     1 |     2 |       ||     3
       Rpst.: Long sword |       |       |       |     9 ||     9
